 Dungeon Crawl Stone Soup version 0.31-a0-691-g409c26aa35 (webtiles) character file.

Game seed: 12526130530471217784

800 qw the Skirmisher (level 7, -1/44 HPs)
             Began as a Gargoyle Hunter on Sept 6, 2023.
             Slain by a kobold brigand
             ... wielding a +0 short sword
              (5 damage)
             ... on level 5 of the Dungeon.
             The game lasted 00:01:43 (4070 turns).

qw the Skirmisher (Gargoyle Hunter)                 Turns: 4070, Time: 00:01:44

Health: -1/44      AC: 11    Str: 15    XL:     7   Next: 90%
Magic:  7/7        EV: 11    Int:  9    God:
Gold:   45         SH:  0    Dex: 15    Spells: 6/6 levels left

rFire   . . .        Y - +0 shortbow
rCold   + . .        (shield currently unavailable)
rNeg    + . .        h - +0 ring mail
rPois   inf          (no helmet)
rElec   +            l - scarf {repulsion}
rCorr   .            a - +0 pair of gloves
SInv    .            (no boots)
Will    +....        n - amulet of regeneration
Stlth   +            j - ring of willpower
HPRegen 1.07/turn    f - ring of protection from cold
MPRegen 0.10/turn

%: repel missiles
@: no status effects
A: sickness immunity, AC +4, negative energy resistance 1, electricity
resistance, torment resistance 1, petrification resistance
a: no special abilities


You were on level 5 of the Dungeon.
You visited 2 branches of the dungeon, and saw 6 of its levels.

You collected 210 gold pieces.
You spent 165 gold pieces at shops.


Innate Abilities, Weirdness & Mutations

You are immune to sickness and miasma.
Your stone body is resilient. (AC +4)
You are immune to poison.
You resist negative energy. (rN+)
You are resistant to electric shocks. (rElec)
You are resistant to unholy torment.
You are immune to petrification.


   Skills:
 - Level 5.6 Fighting
 - Level 8.1 Ranged Weapons
 + Level 1.0 Armour
 - Level 1.5 Dodging
 - Level 1.1 Stealth


You had 6 spell levels left.
You didn't know any spells.
Your spell library was empty.

Inventory:

Hand Weapons
 Y - a +0 shortbow (weapon)
Armour
 a - a +0 pair of gloves (worn)
 h - a +0 ring mail (worn)
 k - a +0 cloak
 l - a scarf of repulsion (worn)
Jewellery
 f - a ring of protection from cold (right hand)
 i - a ring of resist corrosion
 j - a ring of willpower (left hand)
 n - an amulet of regeneration (around neck)
Potions
 b - a potion of might {unknown}
 c - a potion of lignification {unknown}
 d - a potion of invisibility {unknown}
 e - a potion of heal wounds {unknown}
 g - a potion of magic {unknown}
 m - a potion of resistance
 o - a potion of curing {unknown}

Dungeon Overview and Level Annotations

Branches:
Dungeon (5/15)             Temple (1/1) D:4

Altars:
Ashenzari
Cheibriados
Dithmenos
Elyvilon
Fedhas
Hepliaklqana
Kikubaaqudgha
Makhleb
Ru
Sif Muna
Uskayaw
Vehumet
Xom
Zin
The Shining One

Shops:
D:3 :   D:4 *


Message History

The kobold brigand is severely wounded.
The kobold brigand hits you but does no damage.
The gnoll sergeant hits you from afar with a +0 spear.
You shoot an arrow.
The arrow closely misses the kobold brigand.
The arrow hits the gnoll sergeant.
The gnoll sergeant is moderately wounded.
The kobold brigand hits you but does no damage.
The gnoll sergeant hits you but does no damage.
You shoot an arrow. The arrow hits the kobold brigand.
The kobold brigand is almost dead.
The kobold brigand hits you but does no damage.
The gnoll sergeant hits you from afar with a +0 spear. x2
The kobold brigand barely misses you.
You shoot an arrow.
The arrow closely misses the kobold brigand.
The arrow hits the gnoll sergeant but does no damage.
The gnoll sergeant is moderately wounded.
The gnoll sergeant hits you but does no damage.
The kobold brigand closely misses you.
You shoot an arrow.
The arrow closely misses the kobold brigand.
The arrow barely misses the gnoll sergeant.
The gnoll sergeant hits you from afar with a +0 spear.
The kobold brigand hits you with a +0 short sword.
You shoot an arrow.
The arrow hits the kobold brigand but does no damage.
The kobold brigand is almost dead.
The gnoll sergeant hits you but does no damage.
The kobold brigand hits you with a +0 short sword.
You shoot an arrow. The arrow hits the kobold brigand.
The kobold brigand is almost dead.
The gnoll sergeant hits you from afar with a +0 spear.
The kobold brigand barely misses you.
You shoot an arrow.
The arrow closely misses the kobold brigand.
The arrow hits the gnoll sergeant but does no damage.
The gnoll sergeant is moderately wounded.
The kobold brigand hits you with a +0 short sword.
You die...

..# #.# #.# #.#
.ss#K#####.#
.g...h.s.#.#
....####K#.# .
#.#@## .###OK#.##
#....g###.#
#####..#..######
.................
######.######.##
.. #.# ##..## #..
#.# ###(...####
#.#. #.#
#.........#


You could see a kobold brigand, an ogre and a gnoll sergeant.

Vanquished Creatures
  Grinder (D:3)
  A black bear (D:4)
  A scorpion (D:5)
  3 orc priests
  2 hounds (D:5)
  An iguana (D:5)
  3 orc wizards
  Natasha (twice) (D:3)
  4 adders
  An ufetubus (D:5)
  2 dart slugs
  19 orcs
  8 endoplasms
  13 giant cockroaches
  5 goblins
  7 hobgoblins
  4 quokkas
  7 ball pythons
  6 bats
  A frilled lizard (D:3)
  4 kobolds
  4 rats
99 creatures vanquished.

Notes
Turn   | Place    | Note
-------+----------+-------------------------------------------
     0 | D:1      | qw the Gargoyle Hunter began the quest for the Orb.
     0 | D:1      | Reached XP level 1. HP: 12/12 MP: 1/1
     0 | D:1      | 0 ||| qw: Version: 0.3-a-76-g4403597
     0 | D:1      | 0 ||| qw: Game counter: 34
     0 | D:1      | 0 ||| qw: Melee chars always use a shield: true
     0 | D:1      | 0 ||| qw: God list: Okawaru
     0 | D:1      | 0 ||| qw: Allow faded altars: false
     0 | D:1      | 0 ||| qw: Do Orc after clearing Dungeon:15 true
     0 | D:1      | 0 ||| qw: Do second Lair branch before Depths: true
     0 | D:1      | 0 ||| qw: Lair rune preference: random
     0 | D:1      | 0 ||| qw: Goals: Normal
     0 | D:1      | 0 ||| PLANNING D:1-11
   140 | D:1      | Reached XP level 2. HP: 17/17 MP: 2/2
   336 | D:1      | Reached XP level 3. HP: 21/21 MP: 3/3
   349 | D:1      | Reached skill level 5 in Ranged Weapons
   455 | D:1      | 455 ||| DROPPING +6 ring of intelligence.
   456 | D:1      | 456 ||| UPGRADING to ring of resist corrosion.
   457 | D:1      | 457 ||| READING scroll labelled PECLU ODEULUE.
   458 | D:1      | 458 ||| READING scroll labelled MUCAUH MURO.
   459 | D:1      | 459 ||| READING scroll labelled TOSSUG MOTUU.
   460 | D:1      | 460 ||| DROPPING scroll of butterflies.
  1151 | D:2      | 1151 ||| UPGRADING to +0 ring mail.
  1161 | D:2      | 1161 ||| DROPPING +0 leather armour.
  1162 | D:2      | 1162 ||| UPGRADING to ring of protection from cold.
  1163 | D:2      | 1163 ||| READING scroll labelled OXAGIE OXAVIF.
  1164 | D:2      | 1164 ||| READING scroll labelled PUMPIS HOESK.
  1265 | D:2      | 1265 ||| DRINKING 3 green potions.
  1266 | D:2      | 1266 ||| DROPPING 2 potions of brilliance.
  1302 | D:3      | 1302 ||| STAIRDANCE
  1307 | D:2      | HP: 2/22 [orc/+0 morningstar (6)]
  1412 | D:3      | Reached skill level 1 in Armour
  1412 | D:3      | Reached XP level 4. HP: 27/27 MP: 4/4
  1425 | D:3      | Reached skill level 3 in Fighting
  1565 | D:3      | Found a faded altar of an unknown god.
  1770 | D:3      | 1770 ||| Stepping ~*~*~tactically~*~*~ (retreating).
  1771 | D:3      | 1771 ||| Stepping ~*~*~tactically~*~*~ (retreating).
  1776 | D:3      | Reached XP level 5. HP: 15/32 MP: 5/5
  1839 | D:3      | Reached skill level 6 in Ranged Weapons
  1891 | D:3      | Noticed Natasha
  1899 | D:3      | Killed Natasha
  2023 | D:3      | Noticed Grinder
  2036 | D:3      | Paralysed by Grinder for 5 turns
  2047 | D:3      | Paralysed by Grinder for 2 turns
  2050 | D:3      | Killed Grinder
  2051 | D:3      | Reached XP level 6. HP: 38/40 MP: 6/6
  2072 | D:3      | Found Taoff's Book Emporium.
  2184 | D:3      | Noticed Natasha
  2190 | D:3      | Killed Natasha
  2334 | D:3      | 2334 ||| DROPPING amulet of magic regeneration.
  2441 | D:4      | Found a broken altar of Ashenzari.
  2520 | D:4      | Found a staircase to the Ecumenical Temple.
  2521 | D:4      | 2521 ||| PLANNING TEMPLE
  2521 | D:4      | 2521 ||| UPGRADING to +0 pair of gloves.
  2526 | D:4      | 2526 ||| UPGRADING to ring of willpower.
  2528 | D:4      | 2528 ||| READING scroll labelled ZATAWO LICACEO.
  2534 | Temple   | Entered the Ecumenical Temple
  2535 | Temple   | 2535 ||| PLANNING D:1-11
  2582 | D:4      | Found a hazy altar of Hepliaklqana.
  2659 | D:4      | Found a snail-covered altar of Cheibriados.
  2775 | D:4      | 2775 ||| Stepping ~*~*~tactically~*~*~ (water).
  2784 | D:4      | 2784 ||| FLEEEEING.
  2803 | D:4      | HP: 10/40 [frozen (2)]
  2809 | D:4      | HP: 7/40 [something (2)]
  2811 | D:4      | HP: 3/40 [orc wizard/puff of flame (4)]
  2814 | D:4      | Reached XP level 7. HP: 3/44 MP: 7/7
  2823 | D:4      | HP: 2/44 [something/puff of flame (4)]
  3022 | D:4      | Found Ufriobri's Neck Hole.
  3045 | D:4      | Reached skill level 7 in Ranged Weapons
  3146 | D:4      | 3146 ||| BUYING +0 cloak (45 gold).
  3146 | D:4      | Bought a +0 cloak for 45 gold pieces
  3146 | D:4      | 3146 ||| SHOPLISTING amulet of reflection (300 gold, have
                  | 135).
  3146 | D:4      | 3146 ||| SHOPLISTING amulet of regeneration (300 gold, have
                  | 135).
  3146 | D:4      | 3146 ||| BUYING scarf of repulsion (120 gold).
  3146 | D:4      | Bought a scarf of repulsion for 120 gold pieces
  3581 | D:4      | 3581 ||| UPGRADING to +0 cloak.
  3586 | D:4      | 3586 ||| UPGRADING to scarf of repulsion.
  3596 | D:4      | 3596 ||| UPGRADING to amulet of regeneration.
  3601 | D:4      | 3601 ||| DRINKING 2 blue potions.
  3663 | D:5      | Entered Level 5 of the Dungeon
  3666 | D:5      | 3666 ||| STAIRDANCE
  3691 | D:5      | 3691 ||| STAIRDANCE
  3705 | D:5      | 3705 ||| STAIRDANCE
  3720 | D:5      | 3720 ||| STAIRDANCE
  4024 | D:5      | Found an ancient bone altar of Kikubaaqudgha.
  4039 | D:5      | 4039 ||| RETREATING.
  4044 | D:5      | 4044 ||| Stepping ~*~*~tactically~*~*~ (retreating).
  4045 | D:5      | 4045 ||| Stepping ~*~*~tactically~*~*~ (retreating).
  4053 | D:5      | Reached skill level 8 in Ranged Weapons
  4065 | D:5      | HP: 9/44 [gnoll sergeant/+0 spear (3)]
  4069 | D:5      | HP: 3/44 [gnoll sergeant/+0 spear (6)]
  4070 | D:5      | Slain by a kobold brigand

Levels and vault maps discovered:
D:1:      minmay_arrival_open_corners, layout_rooms, nrook_uturn,
          minmay_worlds_worst_comb
D:2:      layout_basic
D:3:      layout_loops_ring, serial_shops, nicolae_shop_tiny_waterfront,
          ebering_ecumenical_altar_webs, uniq_grinder, uniq_natasha
D:4:      layout_basic, nicolae_hepliaklqana_hazy_memory,
          nicolae_ashenzari_skybound, mainiacjoe_overflow_24_doors,
          minmay_temple_entry_grid, serial_bayou_ford_a, hex_medium,
          nicolae_shop_sticking_my_neck_out
D:5:      layout_loops_corners, kiku_gazebo_pond_becter, minmay_statues_item,
          minmay_manual_moon
Temple:   hellmonk_temple_of_storms

Skill      XL: |  1  2  3  4  5  6  7 |
---------------+----------------------+-----
Ranged Weapons | 5 6 8 |  8.1
Armour         | 1 |  1.0
Fighting       | 3 5 |  5.6
Dodging        | |  1.5
Stealth        | |  1.1

Action                     |  1- 3 |  4- 6 |  7- 9 || total
---------------------------+-------+-------+-------++-------
   Fire: Shortbow          |   119 |   151 |   144 ||   414
    Use: Scroll            |     5 |     1 |       ||     6
         Potion            |     1 |       |     1 ||     2
 Armour: Leather armour    |     9 |       |       ||     9
         Ring mail         |    12 |    96 |   126 ||   234
  Dodge: Dodged            |    31 |    51 |    89 ||   171

Table legend:
 A = Non-vault XP
 B = Vault XP
 C = Vault XP percentage of total XP
 D = Non-vault monster count
 E = Vault monster count
 F = Vault count percentage of total count
                 A         B        C        D         E       F
            +---------+---------+-------+---------+---------+-------
      Total |     733 |     411 |  35.9 |      88 |      11 |  11.1
            +---------+---------+-------+---------+---------+-------
        D:1 |      33 |      14 |  29.8 |      20 |       7 |  25.9
        D:2 |      24 |       0 |   0.0 |      12 |       0 |   0.0
        D:3 |     179 |     316 |  63.8 |      25 |       2 |   7.4
        D:4 |     258 |       0 |   0.0 |      24 |       0 |   0.0
        D:5 |     239 |      81 |  25.3 |       7 |       2 |  22.2
            +---------+---------+-------+---------+---------+-------
